 Dungeon Crawl Stone Soup version 0.30-b1-2-g02819fbbbe (webtiles) character file.

Game seed: 14813439472540317840

26 sanka the Vexing (level 2, -1/20 HPs)
             Began as a Demigod Enchanter on May 17, 2023.
             Slain by an orc
             ... wielding a +0 short sword
              (3 damage)
             ... on level 2 of the Dungeon.
             The game lasted 00:01:17 (1236 turns).

sanka the Vexing (Demigod Enchanter)                Turns: 1236, Time: 00:01:17

Health: -1/20      AC:  2    Str:  9    XL:     2   Next: 69%
Magic:  7/7        EV: 12    Int: 17    God:
Gold:   96         SH:  0    Dex: 14    Spells: 5/5 levels left

rFire   . . .        a - +1 dagger
rCold   . . .        (no shield)
rNeg    . . .        b - +0 robe
rPois   +            (no helmet)
rElec   .            (no cloak)
rCorr   .            (no gloves)
SInv    .            (no boots)
Will    .....        (no amulet)
Stlth   ++           f - ring of poison resistance
HPRegen 0.23/turn    (no ring)
MPRegen 0.10/turn

%: no passive effects
@: no status effects
A: high MP 1, forlorn, divine attributes
a: no special abilities


You were on level 2 of the Dungeon.
You visited 1 branch of the dungeon, and saw 2 of its levels.

You collected 96 gold pieces.

Inventory:

Hand Weapons
 a - a +1 dagger (weapon)
Armour
 b - a +0 robe (worn)
Magical Staves
 i - a staff of earth
Jewellery
 f - a ring of poison resistance (left hand)
Scrolls
 d - a scroll of amnesia {unknown}
 e - 2 scrolls of enchant armour {unknown}
 g - a scroll of fog {unknown}
 h - 2 scrolls of identify {unknown}
Potions
 c - 3 potions of invisibility


   Skills:
 - Level 0.8 Short Blades
 - Level 1.7 Dodging
 - Level 2.6 Stealth
 - Level 2.0 Spellcasting
 + Level 3.6 Hexes


You had 5 spell levels left.
You didn't know any spells.
Your spell library contained the following spells:

 Spells                   Type           Power      Damage    Failure   Level
 Confusing Touch          Hex            14%        N/A       13%         3
 Tukima's Dance           Hex            14%        N/A       13%         3
 Ensorcelled Hibernation  Hex/Ice        14%        N/A       14%         2
 Apportation              Tloc           2%         N/A       19%         1
 Dazzling Flash           Conj/Hex       14%        N/A       26%         3
 Blink                    Tloc           2%         N/A       28%         2
 Lesser Beckoning         Tloc           2%         N/A       28%         2
 Momentum Strike          Conj/Tloc      2%         3d8       28%         2
 Alistair's Intoxication  Tmut/Pois      0%         N/A       99%         5


Dungeon Overview and Level Annotations

Branches:
Dungeon (2/15)


Innate Abilities, Weirdness & Mutations

You have an increased reservoir of magic. (+10% MP)
You shall have no god before yourself.
Your divine heritage dramatically boosts your attributes as you level up.


Message History

No target in view!
h - 2 scrolls labelled ZYIFOH BAMUTH You see here a staff of earth.
i - a staff of earth A goblin comes into view.
It is wielding a +0 dagger.
A dart slug comes into view.
The goblin shouts!
You hear a shout!
The goblin barely misses you.
You closely miss the goblin. You barely miss the goblin.
The goblin hits you with a +0 dagger.
You hit the goblin.
The goblin is moderately wounded.
The goblin hits you with a +0 dagger.
An orc comes into view. It is wielding a +0 short sword.
The dart slug launches a dart at you. The slug dart misses you.
You hit the goblin.
You kill the goblin!
The dart slug launches a dart at you. The slug dart hits you.
A bat comes into view.
Things that are here:
a +0 dagger; a goblin corpse You hit the orc.
The orc is moderately wounded.
The orc hits you with a +0 short sword.
You are too injured to fight recklessly!
The orc attacks as you move away! The orc hits you with a +0 short sword.
* * * LOW HITPOINT WARNING * * *
The dart slug briefly extends its eye-stalks.
The orc attacks as you move away! The orc hits you with a +0 short sword.
* * * LOW HITPOINT WARNING * * *
You closely miss the orc.
The orc is moderately wounded.
The orc hits you with a +0 short sword.
* * * LOW HITPOINT WARNING * * *
You hit the orc.
The orc is heavily wounded.
The orc hits you with a +0 short sword.
You die...

############### .
.####..............
.#...........########
...####..........# #.#
#.....####.# #.#
#.....# #.# ##.####
##.######.#
#.####.wbo@..#.#
.......)####.#.#######
##.####.#
#.........#.# #.#
###...####.#.# ...
.........#.#.#
##.####...##.#.#.# .#
##.###.#.#.# .#
##...#.#.#.# .#
##...<....#.####


You could see a dart slug, an orc and a bat.

Vanquished Creatures
  2 dart slugs (D:1)
  3 endoplasms
  4 goblins
  3 jackals (D:1)
  A quokka (D:1)
  5 ball pythons
  A bat (D:2)
  A frilled lizard (D:1)
  2 rats (D:1)
22 creatures vanquished.

Notes
Turn   | Place    | Note
-------+----------+-------------------------------------------
     0 | D:1      | sanka the Demigod Enchanter began the quest for the Orb.
     0 | D:1      | Reached XP level 1. HP: 14/14 MP: 5/5
   254 | D:1      | Reached skill level 3 in Hexes
   374 | D:1      | Reached XP level 2. HP: 17/20 MP: 7/7
  1236 | D:2      | Slain by an orc

Illustrated notes

Levels and vault maps discovered:
D:1:      lemuel_arrival_tunnels, layout_loops_corners, hex_tiny,
          amcnicky_mini_rare_corridor_liquid
D:2:      layout_loops_ring, serial_shops, shop, shop, shop_fountains,
          kennysheep_cross_room

Skill      XL: |  1 |
---------------+----+-----
Spellcasting   | 2 |  2.0
Hexes          | 3 |  3.6
Short Blades   | |  0.8
Dodging        | |  1.7
Stealth        | |  2.6

Action                     || total
---------------------------++-------
  Melee: Dagger            ||    97
         Punch             ||     1
   Stab: Sleeping          ||     2
 Armour: Robe              ||    14
  Dodge: Dodged            ||    56
